 Dungeon Crawl Stone Soup version 0.31.0-12-g77e489cdc1 (webtiles) character file.

Game seed: 5265726292322137920

30 Arctor the Firebug (level 3, -1/19 HPs)
             Began as a Deep Elf Fire Elementalist on Feb 23, 2024.
             Succumbed to a kobold's poison
             ... on level 1 of the Dungeon.
             The game lasted 00:00:55 (1206 turns).

Arctor the Firebug (Deep Elf Fire Elementalist)     Turns: 1206, Time: 00:00:56

Health: -1/19      AC:  2    Str:  5    XL:     3   Next: 3%
Magic:  1/9        EV: 13    Int: 21    God:
Gold:   48         SH:  0    Dex: 15    Spells: 5/8 levels left

rFire   + . .        (no weapon)
rCold   . . .        (no shield)
rNeg    . . .        a - +0 robe
rPois   .            (no helmet)
rElec   .            (no cloak)
rCorr   .            (no gloves)
SInv    .            (no boots)
Will    .....        (no amulet)
Stlth   ++           d - ring of protection from fire
HPRegen 0.23/turn    (no ring)
MPRegen 0.11/turn

%: no passive effects
@: lethally poisoned (-1 -> -12), very slightly contaminated
A: no striking features
a: no special abilities


You were on level 1 of the Dungeon.
You visited 1 branch of the dungeon, and saw 1 of its levels.

You collected 48 gold pieces.

Inventory:

Armour
 a - a +0 robe (worn)
Jewellery
 d - a ring of protection from fire (left hand)
 g - a +4 ring of protection
Scrolls
 c - 2 scrolls of noise {unknown}
 f - 3 scrolls of enchant weapon {unknown}
 h - a scroll of poison {unknown}
Potions
 b - a potion of magic
 e - 2 potions of enlightenment {unknown}


   Skills:
 + Level 2.9 Dodging
 + Level 2.9 Stealth
 + Level 3.4 Spellcasting
 + Level 1.7 Conjurations
 + Level 3.6 Fire Magic


You had 5 spell levels left.
You knew the following spells:

 Your Spells              Type           Power      Damage    Failure   Level
a - Foxfire               Conj/Fire      56%        2x1d6     4%          1
b - Scorch                Fire           36%        2d6       4%          2

Your spell library contained the following spells:

 Spells                   Type           Power      Damage    Failure   Level
 Inner Flame              Hex/Fire       11%        N/A       19%         3
 Volatile Blastmotes      Fire/Tloc      22%        2d11      19%         3
 Flame Wave               Conj/Fire      14%        2d6       38%         4
 Borgnjor's Vile Clutch   Necr/Erth      1%         N/A       98%         5
 Lee's Rapid Deconstruct  Erth           1%         3d4*      98%         5


Dungeon Overview and Level Annotations

Branches:
Dungeon (1/15)

Altars:


Message History

The kobold is severely wounded.
A goblin comes into view. It is wielding a +0 club.
You conjure some foxfire!
The kobold misses you. The kobold hits you but does no damage.
You are poisoned.
There is not enough space to conjure foxfire!
You feel sick. The kobold hits you but does no damage.
You are lethally poisoned!
Casting: Foxfire (safe; 4% risk of failure)
Confirm with . or Enter, or press ? or * to list all spells.
Flames lash the goblin.
You kill the goblin!
You feel very sick. The kobold completely misses you.
You have reached level 3!
Your experience leads to an increase in your attributes!
Increase (S)trength, (I)ntelligence, or (D)exterity?
You feel clever. x2
Casting: Scorch (safe; 4% risk of failure)
Confirm with . or Enter, or press ? or * to list all spells.
You miscast Scorch.
You are very lightly contaminated with residual magic.
Nothing appears to happen.
You feel very sick. The kobold hits you but does no damage.
You are more poisoned.
Casting: Scorch (safe; 4% risk of failure)
Confirm with . or Enter, or press ? or * to list all spells.
Flames lash the kobold.
You kill the kobold!
* * * LOW HITPOINT WARNING * * *
You feel very sick.
Unknown command.
Casting: Scorch (safe; 4% risk of failure)
Confirm with . or Enter, or press ? or * to list all spells.
You don't have enough magic to cast this spell.
Your foxfire dissipates!
* * * LOW HITPOINT WARNING * * *
You feel very sick.
You die...

####....# #.......
...+....+ #......
##.#....### #.....
#.....#)..# #....
#.#.###.#.# # .).
......†.#.# #. #)#
##..#####.# #.##g#
........#.# #....#
#..####.#.#####.@#
#.....#.#.#......#
#.#.#.#.#...####.#
#.#.#.#....## #.#
#.....#.##.# #.#
#.########'#####.#
#...........)....#
#...........######
############
#...(.......#
#......)...#


You could see a goblin.

Vanquished Creatures
  8 ball pythons (D:1)
  A bat (D:1)
  3 endoplasms (D:1)
  2 goblins (D:1)
  3 hobgoblins (D:1)
  3 kobolds (D:1)
  2 quokkas (D:1)
  2 frilled lizards (D:1)
  2 rats (D:1)
26 creatures vanquished.

Vanquished Creatures (others)
  130 foxfires (D:1)
130 creatures vanquished.

Grand Total: 156 creatures vanquished

Notes
Turn   | Place    | Note
-------+----------+-------------------------------------------
     0 | D:1      | Arctor the Deep Elf Fire Elementalist began the quest for
                  | the Orb.
     0 | D:1      | Reached XP level 1. HP: 10/10 MP: 6/6
   262 | D:1      | Reached XP level 2. HP: 14/15 MP: 0/8
   265 | D:1      | Learned a level 2 spell: Scorch
  1103 | D:1      | Got the Compilation of the Anticline
  1203 | D:1      | Reached XP level 3. HP: 12/19 MP: 4/9
  1206 | D:1      | Succumbed to a kobold's poison

Illustrated notes

Levels and vault maps discovered:
D:1:      minmay_arrival_five_plusses, layout_basic,
          amcnicky_mini_rare_corridor_liquid, minmay_tetromino_s2

Action                     || total
---------------------------++-------
   Cast: Foxfire           ||    79
         Scorch            ||     2
 Armour: Robe              ||     9
  Dodge: Dodged            ||     4
